 Dungeon Crawl Stone Soup version 0.29-a0-330-g52719c12eb (webtiles) character file.

Game seed: 4340728535888250060

57 kae the Firebug (level 3, -2/26 HPs)
             Began as a Demigod Fire Elementalist on Apr 30, 2022.
             Slain by a worm (9 damage)
             ... on level 2 of the Dungeon.
             The game lasted 00:01:03 (2089 turns).

kae the Firebug (Demigod Fire Elementalist)         Turns: 2089, Time: 00:01:04

Health: -2/26      AC:  5    Str:  9    XL:     3   Next: 50%
Magic:  1/9        EV: 11    Int: 21    God:
Gold:   96         SH:  3    Dex: 14    Spells: 2/6 levels left

rFire   . . .      SeeInvis .   (no weapon)
rCold   . . .      Faith    .   m - +0 buckler
rNeg    . . .      Spirit   .   a - +0 robe
rPois   .          Reflect  .   n - +0 helmet
rElec   .          Harm     .   e - +1 cloak
rCorr   .          Rampage  .   (no gloves)
Will    .....                   (no boots)
Stlth   ++........              (no amulet)
HPRegen 0.08/turn               f - ring of flight
MPRegen 0.11/turn               (no ring)

@: brilliant, flying
A: high MP 1, forlorn, divine attributes
a: no special abilities


You were on level 2 of the Dungeon.
You visited 1 branch of the dungeon, and saw 2 of its levels.

You collected 96 gold pieces.

Inventory:

Missiles
 d - 2 throwing nets
Armour
 a - a +0 robe (worn)
 e - a +1 cloak (worn)
 m - a +0 buckler (worn)
 n - a +0 helmet (worn)
Jewellery
 f - a ring of flight (left hand)
Scrolls
 i - a scroll of enchant armour
 k - a scroll of identify {unknown}
 l - a scroll of enchant weapon {unknown}
Potions
 b - a potion of magic
 g - a potion of might {unknown}
 h - 2 potions of curing {unknown}
 j - a potion of lignification {unknown}


   Skills:
 - Level 1.7 Dodging
 - Level 1.7 Stealth
 + Level 2.4 Spellcasting
 + Level 2.0 Conjurations
 + Level 3.3 Fire Magic


You had 2 spell levels left.
You knew the following spells:

 Your Spells              Type           Power      Damage    Failure   Level
a - Foxfire               Conj/Fire      80%        2x1d8     6%          1
b - Scorch                Fire           48%        2d7       8%          2
c - Freeze                Ice            12%        1d4       19%         1

Your spell library contained the following spells:

 Spells                   Type           Power      Damage    Failure   Level
 Corpse Rot               Necr/Air       6%         N/A       28%         2
 Conjure Flame            Conj/Fire      20%        6-21      19%         3
 Inner Flame              Hex/Fire       14%        N/A       28%         3
 Frozen Ramparts          Ice            6%         1d2       50%         3
 Flame Wave               Conj/Fire      20%        2d7       54%         4
 Hailstorm                Conj/Ice       10%        3d5       77%         4
 Airstrike                Air            1%         N/A       88%         4
 Dispel Undead            Necr           3%         3d7       88%         4
 Summon Lightning Spire   Summ/Air       3%         N/A       88%         4
 Lightning Bolt           Conj/Air       5%         1d17      98%         5
 Death Channel            Necr           1%         N/A       100%        6
 Malign Gateway           Summ/Tloc      1%         N/A       100%        7
 Summon Horrible Things   Summ           1%         N/A       100%        8


Dungeon Overview and Level Annotations

Branches:
Dungeon (2/15)


Innate Abilities, Weirdness & Mutations

You have an increased reservoir of magic. (+10% MP)
You shall have no god before yourself.
Your divine heritage dramatically boosts your attributes as you level up.


Message History

You kill the bat!
The foxfire hits the worm.
The worm is almost dead.
The worm bites you.
You hit the worm.
The worm is almost dead.
The worm barely misses you.
Casting: Foxfire (safe; 6% risk of failure)
Confirm with . or Enter, or press ? or * to list all spells.
You don't have enough magic to cast this spell.
You hit the worm.
The worm is almost dead.
Casting: Foxfire (safe; 6% risk of failure)
Confirm with . or Enter, or press ? or * to list all spells.
You don't have enough magic to cast this spell.
You hit the worm but do no damage.
The worm is almost dead.
The worm barely misses you.
Casting: Foxfire (safe; 6% risk of failure)
Confirm with . or Enter, or press ? or * to list all spells.
You don't have enough magic to cast this spell.
You hit the worm.
The worm is almost dead.
The worm bites you!
* * * LOW HITPOINT WARNING * * *
Casting: Foxfire (safe; 6% risk of failure)
Confirm with . or Enter, or press ? or * to list all spells.
You don't have enough magic to cast this spell.
You barely miss the worm.
The worm is severely wounded.
Casting: Foxfire (safe; 6% risk of failure)
Confirm with . or Enter, or press ? or * to list all spells.
You don't have enough magic to cast this spell.
You hit the worm.
The worm is almost dead.
You block the worm's attack.
You hit the worm but do no damage.
The worm is almost dead.
The worm bites you!
You die...

####.#########
.....#........ ...
.#####.######## #.#
............... #.#
..####.....### ##.#
.............#.##.#
....#.#.....##.##.# #
#...#..........##.####.#...
................@w.......#
..#[......#.#.....###......
...............>#†# .###..
..#..####...#####.##).#.#
..#...# #...# #.......#
..#.#.# #...# #.##.......
#.#.#.# #...####.# #..##..
#.#.#.###........# .#!#
#.#......(..####.....# #


You could see a worm.

Vanquished Creatures
  An adder (D:2)
  A worm (D:2)
  2 dart slugs
  A ball python (D:1)
  5 endoplasms
  4 goblins (D:1)
  5 hobgoblins
  5 kobolds
  2 quokkas (D:2)
  4 bats
  5 frilled lizards
  3 rats
38 creatures vanquished.

Vanquished Creatures (others)
  161 foxfires
161 creatures vanquished.

Grand Total: 199 creatures vanquished

Notes
Turn   | Place    | Note
-------+----------+-------------------------------------------
     0 | D:1      | kae the Demigod Fire Elementalist began the quest for the
                  | Orb.
     0 | D:1      | Reached XP level 1. HP: 14/14 MP: 5/5
    14 | D:1      | Reached skill level 1 in Conjurations
   590 | D:1      | Reached XP level 2. HP: 16/20 MP: 2/7
   593 | D:1      | Learned a level 2 spell: Scorch
   757 | D:1      | Reached skill level 3 in Fire Magic
  1461 | D:2      | Reached XP level 3. HP: 26/26 MP: 6/9
  1494 | D:2      | Learned a level 1 spell: Freeze
  2089 | D:2      | Slain by a worm

Illustrated notes

Levels and vault maps discovered:
D:1:      dpeg_arrival_morbid_curiosity, layout_basic,
          hellmonk_ecumenical_altar_arch_garden
D:2:      layout_basic, minmay_heptomino_o4

Skill      XL: |  1  2  3 |
---------------+----------+-----
Conjurations   | 1 2 |  2.0
Spellcasting   | 2 |  2.4
Fire Magic     | 3 |  3.3
Dodging        | |  1.7
Stealth        | |  1.7

Action                   || total
-------------------------++-------
Melee: Unarmed           ||    29
 Cast: Foxfire           ||    96
       Scorch            ||     2
  Use: Scroll            ||     3
       Potion            ||     1
Armor: Robe              ||    18
Dodge: Dodged            ||    40
Block: Buckler           ||     2

Table legend: (Time is in decaauts)
 A = Elapsed time spent in this place.
 B = Non-inter-level travel time spent in this place.
 C = Inter-level travel time spent in this place.
 D = Time resting spent in this place.
 E = Time spent auto-exploring this place.
 F = Levels seen in this place.
 G = Mean time per level.
                   A        B        C        D        E       F      G
               +--------+--------+--------+--------+--------+-----+--------+
         Total |   2089 |   2050 |     39 |      0 |   1691 |   2 | 1044.5 |
       Dungeon |   2089 |   2050 |     39 |      0 |   1691 |   2 | 1044.5 |
               +--------+--------+--------+--------+--------+-----+--------+

Top non-repeatable levels by time:
     D:1: 1444 daAuts
     D:2: 644 daAuts
